 Dungeon Crawl Stone Soup version 0.29.1-15-g9cfb28693d (webtiles) character file.

Game seed: 1096225388155168872

1765 hawla the Thaumaturge (level 9, -16/67 HPs)
             Began as a Meteoran Ice Elementalist on Apr 13, 2023.
             Shot with an arrow by a centaur (18 damage)
             ... on level 7 of the Dungeon.
             The game lasted 00:11:55 (2583 turns).

hawla the Thaumaturge (Meteoran Ice Elementalist)   Turns: 2583, Time: 00:11:56

Health: -16/67     AC:  3    Str: 12    XL:     9   Next: 52%
Magic:  22/22      EV: 14    Int: 20    God:
Gold:   232        SH:  0    Dex: 20    Spells: 16/24 levels left

rFire   . . .      SeeInvis .   p - +1 rapier
rCold   . . .      Faith    .   i - orb {*channel}
rNeg    . . .      Spirit   .   a - +0 robe
rPois   .          Reflect  .   (no helmet)
rElec   .          Harm     .   (no cloak)
rCorr   .          Rampage  .   (no gloves)
Will    +....                   d - +0 pair of boots
Stlth   +.........              (no amulet)
HPRegen 0.21/turn               o - +6 ring of dexterity
MPRegen 0.18/turn               (no ring)

@: glowing, studying Poison Magic
A: sense surroundings 2, otherworldly, glowing, explore regen
a: no special abilities


You were on level 7 of the Dungeon.
You visited 1 branch of the dungeon, and saw 7 of its levels.

You collected 232 gold pieces.

Inventory:

Hand Weapons
 p - a +1 rapier (weapon)
Armour
 a - a +0 robe (worn)
 d - a +0 pair of boots (worn)
 i - an orb of energy (worn)
Magical Staves
 r - a staff of poison
Jewellery
 o - a +6 ring of dexterity (left hand)
 s - a ring of protection from fire
 x - a +4 ring of slaying
Wands
 f - a wand of charming (6)
 q - a wand of flame (18) (quivered)
Potions
 b - 2 potions of magic
 c - 2 potions of lignification
 e - a potion of haste {unknown}
 l - 3 potions of curing {unknown}
 n - a potion of mutation
 t - 3 potions of heal wounds
 u - a potion of cancellation


   Skills:
 + Level 1.7 Fighting
 + Level 4.4 Short Blades
 + Level 4.3 Dodging
 - Level 1.4 Stealth
 + Level 8.0 Spellcasting
 + Level 1.2 Conjurations
 + Level 8.0 Ice Magic
 * Level 5.0 Evocations


You had 16 spell levels left.
You knew the following spells:

 Your Spells              Type           Power      Damage    Failure   Level
a - Freeze                Ice            100%       1d11      1%          1
b - Frozen Ramparts       Ice            80%        1d13      1%          3
c - Hailstorm             Conj/Ice       26%        3d7       13%         4

Your spell library contained the following spells:

 Spells                   Type           Power      Damage    Failure   Level
 Ozocubu's Armour         Ice            40%        N/A       1%          3


Dungeon Overview and Level Annotations

Branches:
Dungeon (7/15) Zot: 1613   Temple (0/1) D:7

Altars:
Cheibriados


Innate Abilities, Weirdness & Mutations

You passively map the area around you.
You are easily found by Zot.
You glow in the dark.
You regain HP and MP as you explore.


Message History

Search for what [Enter for "taf", or ? for help]? lad
(D) Dungeon
Where to? (Enter - D:6 @ (x,y), ? - help)
What level of the Dungeon? (default 1, ? - help)
There is an open translucent door here.
Things that are here:
a staff of conjuration; a potion of invisibility You feel your willpower return.
You see here a +0 whip.
There is a stone staircase leading down here.
You climb downwards.
Magic restored.
Found a club.
Found a stone staircase leading down.
There is a stone staircase leading up here.
As you read the scroll labelled AGRYAST NEURUSHRAR, it crumbles to dust.
You assume a fearsome visage.
Nothing appears to happen.
It was a scroll of fear.
As you read the scroll labelled UCEATHR YN COA, it crumbles to dust.
The air around you briefly surges with heat, but it dissipates.
It was a scroll of immolation.
As you read the scroll labelled DORAGH XUESI, it crumbles to dust.
The scroll dissolves into smoke.
It was a scroll of fog.
Blink to where?
Press: ? - help, Dir - move target A centaur comes into view.
Found a staircase to the Ecumenical Temple.
As you read the scroll labelled MIRA MODOASMOTT, it crumbles to dust.
It was a scroll of blinking.
The centaur shouts!
The centaur wields a +2 shortbow of flaming.
It bursts into flame!
The centaur shoots an arrow.
The arrow hits you! The arrow burns you.
Found 5 stones.
The centaur shoots an arrow.
The arrow closely misses you.
The centaur shoots an arrow.
The arrow hits you! The arrow burns you.
The centaur shoots an arrow.
The arrow hits you. The arrow burns you.
Found a pair of gloves.
The centaur shoots an arrow.
The arrow hits you!
* * * LOW HITPOINT WARNING * * *
The arrow burns you.
* * * LOW HITPOINT WARNING * * *
The centaur shoots an arrow.
The arrow hits you!!
You die...

, , +, , , ,
[.....*, * , ,, +
.#...,* * , #
*#.#.#.#.. , ,,,
*** *#. ,........
, #.###.##c..# *
,,,, * *
#......+...# ,,
#.....#.(.######,
*#.§§§§#@§.......
, ,
,*#.§§§§#.##.8>8#*
,
,*#.§§§§§§....###
,,, , *
##§#§§§§>...# * ,
***
#*#§§§..).....#
+...........# * ,
*#.......##### , ,
,, .......... , *
.....####... ,


You could see a centaur.

Vanquished Creatures
  The ghost of tkbsonic5 the Fighter, a novice DrFi of Uskayaw (D:6)
  Pikel (D:4)
  A water moccasin (D:6)
  A centaur (D:5)
  A bullfrog (D:4)
  A scorpion (D:5)
  A jelly (D:6)
  An orc priest (D:6)
  4 hounds
  2 iguanas
  2 orc wizards
  8 gnolls (D:4)
  4 adders
  A shadow imp (D:3)
  2 dart slugs (D:4)
  11 orcs
  An endoplasm (D:4)
  2 giant cockroaches (D:2)
  3 goblins
  2 hobgoblins (D:4)
  2 quokkas (D:2)
  2 ball pythons (D:4)
  A kobold (D:2)
55 creatures vanquished.

Notes
Turn   | Place    | Note
-------+----------+-------------------------------------------
     0 | D:1      | hawla the Meteoran Ice Elementalist began the quest for the
                  | Orb.
     0 | D:1      | Reached XP level 1. HP: 14/14 MP: 5/5
    56 | D:2      | Reached XP level 2. HP: 18/20 MP: 1/6
   193 | D:3      | Reached skill level 5 in Ice Magic
   193 | D:3      | Reached XP level 3. HP: 22/26 MP: 6/8
   220 | D:3      | Learned a level 3 spell: Frozen Ramparts
   369 | D:4      | Reached XP level 4. HP: 17/33 MP: 5/10
   416 | D:4      | Reached XP level 5. HP: 24/38 MP: 7/12
   493 | D:4      | Noticed a bullfrog
   506 | D:4      | Killed a bullfrog
   507 | D:4      | Reached skill level 1 in Evocations
   645 | D:4      | Reached XP level 6. HP: 45/45 MP: 8/13
   717 | D:4      | Noticed Pikel
   741 | D:4      | Killed Pikel
   742 | D:4      | Reached skill level 1 in Fighting
   742 | D:4      | Reached XP level 7. HP: 50/52 MP: 7/17
   742 | D:4      | Reached XP level 8. HP: 57/59 MP: 7/18
   779 | D:4      | Learned a level 4 spell: Hailstorm
   794 | D:4      | Reached skill level 1 in Conjurations
   812 | D:4      | Found a snail-covered altar of Cheibriados.
  1102 | D:5      | Entered Level 5 of the Dungeon
  1274 | D:5      | Reached skill level 1 in Short Blades
  2082 | D:6      | Identified the +8 whip "Qeb Till" {antimagic, Dex+4}
  2095 | D:6      | Noticed tkbsonic5's ghost (novice DrFi)
  2168 | D:6      | Gained mutation: You passively map the area around you.
                  | [Meteoran growth]
  2168 | D:6      | Reached XP level 9. HP: 56/64 MP: 17/20
  2352 | D:6      | Found a runed translucent door.
  2520 | D:6      | Killed tkbsonic5's ghost
  2521 | D:6      | Reached skill level 5 in Evocations
  2580 | D:7      | Found a staircase to the Ecumenical Temple.
  2583 | D:7      | HP: 2/67 [centaur/arrow (5)]
  2583 | D:7      | Shot with an arrow by a centaur

Illustrated notes

Levels and vault maps discovered:
D:1:      onia_arrival_handbag, layout_rooms, serial_shops,
          nicolae_shop_statue_plus, shop,
          shapermc_ecumenical_altar_mp_highgroup, minivault_23, st_stairs_4,
          minmay_misc_feat_iff
D:2:      layout_rooms
D:3:      layout_rooms
D:4:      layout_basic, kennysheep_slug_shrine, minmay_manual_monstrance,
          uniq_pikel
D:5:      layout_rooms, serial_co_window_serial, co_window_corner_a,
          co_window_paths_b, co_window_paths_a, co_window_of_opportunity_a,
          co_window_paths_a, co_window_paths_a, co_window_cross_4,
          co_window_cross_2, co_window_2corner, co_window_2corner,
          co_window_unsneaky_path_b, co_window_paths_d
D:6:      layout_basic, hellmonk_ghost_happy_afterlife
D:7:      corexii_shantytown, layout_basic, temple_statues

Skill      XL: |  1  2  3  4  5  6  7  8  9 |
---------------+----------------------------+-----
Ice Magic      | 5 6 7 8 |  8.0
Spellcasting   | 3 4 6 8 |  8.0
Dodging        | 3 4 |  4.3
Evocations     | 1 3 4 5 |  5.0
Fighting       | 1 |  1.7
Conjurations   | 1 |  1.2
Short Blades   | 4 |  4.4
Stealth        | |  1.4

Action                   |  1- 3 |  4- 6 |  7- 9 || total
-------------------------+-------+-------+-------++-------
Melee: Unarmed           |    19 |       |       ||    19
       Short sword       |    23 |    10 |    14 ||    47
       Rapier            |       |       |     8 ||     8
 Cast: Freeze            |    17 |    15 |    39 ||    71
       Frozen Ramparts   |     1 |     6 |    15 ||    22
       Hailstorm         |       |       |     1 ||     1
  Use: Potion            |     1 |       |     1 ||     2
       Scroll            |       |     2 |    11 ||    13
Armor: Robe              |    12 |     2 |    14 ||    28
       Skin              |    11 |       |     2 ||    13
Dodge: Dodged            |    24 |    16 |    33 ||    73
